 Dungeon Crawl Stone Soup version 0.30-a0-341-g682706514a (webtiles) character file.

Game seed: 12351991472567181174

154 Harunobu the Trooper (level 5, 0/34 HPs)
             Began as a Gargoyle Monk on Nov 1, 2022.
             Killed from afar by an orc wizard (8 damage)
             ... with a magic dart
             ... on level 3 of the Dungeon.
             The game lasted 00:03:22 (1755 turns).

Harunobu the Trooper (Gargoyle Monk)                Turns: 1755, Time: 00:03:23

Health: 0/34       AC:  7    Str: 17    XL:     5   Next: 35%
Magic:  5/5        EV: 13    Int: 10    God:
Gold:   92         SH:  0    Dex: 12    Spells: 4/4 levels left

rFire   . . .      SeeInvis .    e - +0 whip
rCold   + . .      Faith    .    (no shield)
rNeg    + . .      Spirit   .    b - +0 robe
rPois   ∞          Reflect  .    (no helmet)
rElec   +          Harm     .    (no cloak)
rCorr   .          Rampage  .    j - +0 pair of gloves
Will    .....                    (no boots)
Stlth   ++........               (no amulet)
HPRegen 0.25/turn                p - ring of protection from cold
MPRegen 0.09/turn                (no ring)

@: no status effects
A: sickness immunity, AC +4, negative energy resistance 1, electricity
resistance, torment resistance 1, petrification resistance
a: no special abilities


You were on level 3 of the Dungeon.
You visited 1 branch of the dungeon, and saw 3 of its levels.

You collected 92 gold pieces.

Inventory:

Hand Weapons
 a - a +0 mace
 e - a +0 whip (weapon)
Armour
 b - a +0 robe (worn)
 j - a +0 pair of gloves (worn)
Jewellery
 n - a ring of ice
 p - a ring of protection from cold (left hand)
Scrolls
 f - a scroll of noise {unknown}
 h - a scroll of identify {unknown}
 i - a scroll of immolation {unknown}
 k - a scroll of poison {unknown}
 l - a scroll of blinking {unknown}
 o - a scroll of magic mapping {unknown}
 q - a scroll of silence {unknown}
Potions
 c - a potion of ambrosia
 d - 3 potions of curing {unknown}
 g - 2 potions of lignification {unknown}
 m - a potion of attraction {unknown}


   Skills:
 + Level 4.5 Fighting
 - Level 3.0 Maces & Flails
 + Level 3.4 Dodging
 + Level 4.0 Stealth


You had 4 spell levels left.
You didn't know any spells.
Your spell library contained the following spells:

 Spells                   Type           Power      Damage    Failure   Level
 Sandblast                Erth           0%         2d4       36%         1
 Passwall                 Tmut/Erth      0%         N/A       50%         2
 Ignite Poison            Fire/Tmut/Pois 0%         N/A       75%         3
 Stone Arrow              Conj/Erth      0%         3d7       75%         3
 Sticky Flame             Conj/Fire      0%         2d3       98%         4
 Ignition                 Fire           0%         3d3       100%        8


Dungeon Overview and Level Annotations

Branches:
Dungeon (3/15)

Altars:


Innate Abilities, Weirdness & Mutations

You are immune to sickness and miasma.
Your stone body is resilient. (AC +4)
You are immune to poison.
You resist negative energy. (rN+)
You are resistant to electric shocks. (rElec)
You are resistant to unholy torment.
You are immune to petrification.


Message History

You hear some strange, mumbled words.
A magic dart appears from out of thin air!
The magic dart hits you.
The orc hits you from afar with a +0 trident.
You hit something. Something hits you but does no damage.
The orc closely misses you.
You hit something but do no damage. Something hits you. The orc misses you.
You hit something but do no damage. Something hits you but does no damage.
The orc hits you from afar with a +0 trident.
You barely miss something.
You hear some strange, mumbled words.
A puff of flame appears from out of thin air!
The puff of flame hits you. The orc hits you but does no damage.
You miss something. Something barely misses you. The orc closely misses you.
You hit something. Something hits you but does no damage.
The orc barely misses you.
You miss something. Something hits you. The orc misses you.
An orc wizard appears from thin air!
Reactivating autopickup.
You barely miss the orc wizard.
The orc wizard is severely wounded.
The orc wizard points at you and mumbles some strange words.
You are confused.
The orc misses you.
The orc wizard attacks as you move away!
The orc wizard closely misses you.
You hit the orc wizard.
The orc wizard is almost dead.
The orc wizard gestures at you while chanting.
The puff of flame hits you.
* * * LOW HITPOINT WARNING * * *
The orc hits you but does no damage.
You bump into the metal wall.
The orc wizard hits you but does no damage.
The orc closely misses you.
You bump into the metal wall.
You feel less confused.
The orc wizard gestures at you while chanting.
The magic dart hits you!
You die...

..#.#.#.#.#.#.#.#.#.#.#.#.###.#.
###.#.#.#.#.#.#.#.#†#.#.#.#....#.
##.#.#.#.#)#.#.#.#†#.#.#.###.#.
#.#.#.#o#.#)#.#.#.#.#.#.#....#.
##.#.#.#o#.#.#.#.#.#.#.#.#####.
..#.#.#.#.#.#.#.#.#.#.#.#..(...
##.#.#.#.#o#o#.#.#.#.#.#.#####.
.#.#.#.#.#.#.#o#.#.#.#.#.# #.
.#.#.#.#.#.#@#.#.#.#.#.## #.
.#.#.#.#.#.#.#.#.#.#.#.# #.
.#.#.#.#.#.#.#.#.#.#.## #.
.#.#.#.#.#.#.#.#.#.#.####'
.#.#.#.#.#.#.#.#.#.##.... #.#.#
#.#.#.#.#.#.#.#.... #.#.#
.#.#.#.#.#. ##.... #.#.# #.#.#.#.
####. #.#.# #.#.#. #.


You could see an orc wizard and an orc.

Vanquished Creatures
  Jessica (D:2)
  An orc wizard (D:3)
  5 adders
  2 dart slugs
  5 orcs (D:3)
  6 ball pythons
  2 endoplasms (D:1)
  A giant cockroach (D:1)
  2 goblins
  7 hobgoblins
  4 jackals (D:3)
  A kobold (D:2)
  A quokka (D:2)
  3 bats
  6 frilled lizards
  3 rats
50 creatures vanquished.

Notes
Turn   | Place    | Note
-------+----------+-------------------------------------------
     0 | D:1      | Harunobu the Gargoyle Monk began the quest for the Orb.
     0 | D:1      | Reached XP level 1. HP: 14/14 MP: 1/1
   235 | D:1      | Reached XP level 2. HP: 15/19 MP: 2/2
   740 | D:2      | Reached XP level 3. HP: 24/24 MP: 3/3
   838 | D:2      | Noticed Jessica
   871 | D:2      | Killed Jessica
   872 | D:2      | Reached XP level 4. HP: 28/29 MP: 4/4
  1626 | D:3      | Reached XP level 5. HP: 33/34 MP: 5/5
  1755 | D:3      | Killed from afar by an orc wizard

Illustrated notes

Levels and vault maps discovered:
D:1:      dpeg_arrival_round_c, layout_rooms
D:2:      layout_basic, uniq_jessica
D:3:      layout_basic, minmay_misc_feat_room, uniq_sigmund

Skill      XL: |  1  2  3  4  5 |
---------------+----------------+-----
Stealth        | 3 4 |  4.0
Fighting       | 4 |  4.5
Dodging        | 3 |  3.4
Maces & Flails | |  3.0

Action                   |  1- 3 |  4- 6 || total
-------------------------+-------+-------++-------
Melee: Whip              |    99 |   124 ||   223
       Mace              |     2 |       ||     2
       Punch             |     2 |       ||     2
 Stab: Sleeping          |     5 |     1 ||     6
Armor: Robe              |    43 |    44 ||    87
Dodge: Dodged            |    77 |    92 ||   169

Table legend: (Time is in decaauts)
 A = Elapsed time spent in this place.
 B = Non-inter-level travel time spent in this place.
 C = Inter-level travel time spent in this place.
 D = Time resting spent in this place.
 E = Time spent auto-exploring this place.
 F = Levels seen in this place.
 G = Mean time per level.
                   A        B        C        D        E       F      G
               +--------+--------+--------+--------+--------+-----+--------+
         Total |   1743 |   1675 |     68 |    263 |    838 |   3 |  581.0 |
       Dungeon |   1743 |   1675 |     68 |    263 |    838 |   3 |  581.0 |
               +--------+--------+--------+--------+--------+-----+--------+

Top non-repeatable levels by time:
     D:1: 718 daAuts
     D:2: 638 daAuts
     D:3: 386 daAuts
